 Dungeon Crawl Stone Soup version 0.32-a0-516-g94ed278cf8 (webtiles) character file.

Game seed: 18039649027124796087

44447 CrazyBamboolord the Fighter (level 14, -2/119 HPs)
             Began as a Coglin Berserker on Feb 27, 2024.
             Was a High Priest of Trog.
             Slain by Sonja
             ... wielding a +2 dagger of distortion
              (19 damage)
             ... on level 3 of the Lair of Beasts.
             The game lasted 00:29:21 (17172 turns).

CrazyBamboolord the Fighter (Coglin Berserker)     Turns: 17172, Time: 00:29:21

Health: -2/119     AC: 20    Str: 21    XL:     14   Next: 28%
Magic:  14/14      EV: 14    Int: 11    God:    Trog [*****.]
Gold:   1763       SH:  0    Dex: 14    Spells: 13/13 levels left

rFire   + . .        a - +4 broad axe (freeze) {Genichi}
rCold   + + .        b - +0 war axe (flame) {Tihomir}
rNeg    . . .        F - +3 scale mail "Luhiz" {rC+ rCorr Int+3}
rPois   .            W - +2 hat {SInv}
rElec   .            H - +2 cloak {rCorr}
rCorr   +            B - +0 pair of gloves
SInv    +            d - +0 pair of boots
Will    +....        G - amulet of regeneration Stlth
                     (ring unavailable)
HPRegen 1.19/turn    (ring unavailable)
MPRegen 0.14/turn

%: no passive effects
@: slowed, very slow
A: cold resistance 1, fire resistance 1, off-hand wielding, slow wielding,
warmup strikes, no rings
a: Renounce Religion, Berserk, Trog's Hand, Brothers in Arms


You were on level 3 of the Lair of Beasts.
You worshipped Trog.
Trog was extremely pleased with you.
You visited 2 branches of the dungeon, and saw 18 of its levels.
You also visited: Bailey and Ice Cave.

You collected 2013 gold pieces.
You spent 250 gold pieces at shops.

Inventory:

Hand Weapons
 a - a +4 broad axe of freezing (weapon) {Genichi}
 b - a +0 war axe of flaming (offhand) {Tihomir}
 r - the +3 short sword of the Neverending Friars {protect, rF+ Will+}
   (You found it on level 4 of the Dungeon)

   rF+:       It protects you from fire.
   Will+:     It increases your willpower.
Missiles
 q - 13 throwing nets
Armour
 d - a +0 pair of boots (worn)
 h - a +0 helmet
 B - a +0 pair of gloves (worn)
 F - the +3 scale mail "Luhiz" (worn) {rC+ rCorr Int+3}
   (You found it on level 7 of the Dungeon)

   Int+3:     It affects your intelligence (+3).
   rC+:       It protects you from cold.
   rCorr:     It protects you from acid and corrosion.
 H - a +2 cloak of preservation (worn)
 M - a +1 chain mail of cold resistance
 W - a +2 hat of see invisible (worn)
Jewellery
 y - an amulet of reflection
 G - an amulet of regeneration (around neck)
 O - an amulet of faith
Wands
 n - a wand of digging (6)
 p - a wand of charming (10)
 x - a wand of roots (36)
 I - a wand of light (14)
 L - a wand of flame (37) (quivered)
Scrolls
 e - a scroll of noise {unknown}
 f - a scroll of enchant armour
 k - 5 scrolls of fog
 m - 2 scrolls of enchant weapon
 s - 3 scrolls of vulnerability
 u - 2 scrolls of blinking
 v - 10 scrolls of teleportation
 C - 3 scrolls of fear
 J - 2 scrolls of amnesia {unknown}
 K - a scroll of torment {unknown}
 N - a scroll of brand weapon {unknown}
 Q - a scroll of immolation
 R - 5 scrolls of poison
 U - a scroll of silence {unknown}
 V - a scroll of summoning
Potions
 c - 2 potions of curing
 g - 3 potions of magic
 i - 4 potions of enlightenment
 l - 3 potions of mutation {unknown}
 o - a potion of lignification {unknown}
 t - 4 potions of haste
 w - 8 potions of attraction
 z - 4 potions of heal wounds {unknown}
 A - a potion of might {unknown}
 D - 3 potions of cancellation {unknown}
 E - a potion of ambrosia {unknown}
Miscellaneous
 S - a tin of tremorstones (2/2)
 T - a phial of floods


   Skills:
 * Level 13.6 Fighting
 * Level 13.4 Axes
 * Level 12.2 Armour
 + Level 9.1 Dodging


You had 13 spell levels left.
You didn't know any spells.
Your spell library was empty.

Dungeon Overview and Level Annotations

Branches:
Dungeon (15/15)            Temple (0/1) D:5            Lair (3/5) D:11
 Spider (0/4) Lair:2          Orc (0/2) D:9          Bailey (visited)
  IceCv (visited)
  Swamp: Lair:2-3    Shoals: Lair:2-3    Vaults: D:13-14     Depths: D:15

Altars:
Ashenzari
Cheibriados
Elyvilon
Makhleb
Nemelex Xobeh
Ru
Sif Muna
Trog
Yredelemnul
Zin

Shops:
D:5 *   D:10 (

Annotations:
Lair:3 Sonja


Innate Abilities, Weirdness & Mutations

Your flesh is cold resistant. (rC+)
Your flesh is heat resistant. (rF+)
You can wield a second weapon in your off-hand.
It takes a long time for you to wield or remove held weapons.
Your first few attacks do less damage.
Your grasper-arms cannot wear rings.


Message History

Trog accepts your kill.
Unknown command.
You slice the catoblepas with your +4 broad axe of freezing!!
You freeze the catoblepas!
The catoblepas is almost dead.
You completely miss the catoblepas with your +0 war axe of flaming.
Sonja throws a curare-tipped dart.
The curare-tipped dart barely misses you.
The catoblepas gores you!
You slash the catoblepas with your +4 broad axe of freezing!
You freeze the catoblepas.
You kill the catoblepas!
Trog accepts your kill.
Sonja throws a curare-tipped dart.
The curare-tipped dart hits you.
You are poisoned.
You have difficulty breathing.
You feel yourself slow down.
You feel very sick.
Sonja throws a curare-tipped dart.
The curare-tipped dart completely misses you.
Unknown command.
You feel very sick.
Sonja mumbles some strange words.
Sonja blinks!
Sonja casts a spell.
Sonja blinks!
Sonja throws a curare-tipped dart.
The curare-tipped dart barely misses you.
The curare-tipped dart hits the plant.
You feel sick. Sonja completely misses you. Sonja hits you but does no damage.
Space warps horribly around you!! Sonja completely misses you.
Sonja hits you but does no damage. Space warps horribly around you!
* * * LOW HITPOINT WARNING * * *
Sonja hits you but does no damage. Space warps horribly around you!
* * * LOW HITPOINT WARNING * * *
Sonja misses you.
You feel better. Sonja barely misses you.
Sonja hits you with a +2 dagger of distortion.
* * * LOW HITPOINT WARNING * * *
Space warps horribly around you!!
You die...
Sonja applauds herself.

~~~≈≈≈~..# ..
.~≈≈~~...# ...
#.~~~....# #..
.#......###########..
#.........##P#P#P#.#..
###...................
.............'...#.##
............#.......#
........@...#Y.........
.......K....#.......#..
...........^...P..#....
......................
.#..###..##.###.#..#.#
### ####### ##### #


You could see Sonja.

Vanquished Creatures
  Gastronok (Lair:2)
  A reaper (IceCv)
  An ettin (D:14)
  3 centaur warriors
  2 boulder beetles
  2 catoblepae
  3 two-headed ogres
  2 skysharks (Lair:2)
  4 skeletal warriors (D:13)
  Pikel (D:5)
  A manticore (D:13)
  3 meliai (D:13)
  Maurice (D:8)
  3 elephants (Lair:2)
  Joseph (D:7)
  An ice statue (IceCv)
  3 black mambas
  An unseen horror (D:11)
  5 cane toads
  2 gargoyles
  Maggie (D:8)
  4 rime drakes
  A kobold demonologist (D:12)
  4 komodo dragons
  An anaconda simulacrum (IceCv)
  An ice devil (IceCv)
  5 trolls
  A polar bear (Lair:2)
  A hornet (D:9)
  A queen bee (shapeshifter) (D:13)
  7 blink frogs
  A raiju (shapeshifter) (D:15)
  7 slime creatures
  2 vampires
  2 shadows
  A dire elephant simulacrum (IceCv)
  A water elemental (D:14)
  2 wraiths
  2 basilisks
  26 yaks
  3 steam dragons
  4 death yak simulacra (IceCv)
  4 vampire mosquitoes (D:13)
  2 acid dragons
  3 harpy simulacra (IceCv)
  11 water moccasins
  A hydra simulacrum (IceCv)
  10 orc warriors
  8 ice beasts
  A black bear (D:7)
  4 ogres
  3 wolves (D:11)
  5 centaurs
  A phantom (D:4)
  4 lemures (D:5)
  3 kobold brigands
  7 bullfrogs
  A gnoll sergeant (D:10)
  5 two-headed ogre simulacra (IceCv)
  2 scorpions
  3 wights (D:8)
  2 elephant simulacra (IceCv)
  18 killer bees
  4 howler monkeys
  3 electric eels
  4 hounds
  4 jellies
  3 bombardier beetles
  2 gnoll boudas
  5 orc priests
  2 sleepcaps
  Jessica (D:3)
  Terence (D:3)
  4 iguanas
  12 orc wizards
  8 troll simulacra (IceCv)
  A polar bear simulacrum (IceCv)
  9 spriggan simulacra (IceCv)
  2 wolf simulacra (IceCv)
  Robin (D:3)
  18 gnolls
  11 adders
  5 naga simulacra (IceCv)
  A shadow imp (D:5)
  A white imp (IceCv)
  9 ufetubi
  4 dart slugs
  46 orcs
  5 ball pythons
  8 endoplasms
  3 giant cockroaches
  14 goblins
  12 hobgoblins
  9 jackals
  5 quokkas
  5 bats
  2 frilled lizards
  33 kobolds
  2 rats (D:1)
476 creatures vanquished.

Vanquished Creatures (collateral kills)
  2 tengu warriors (D:14)
  A skeletal warrior (D:13)
  A wolf spider (Lair:2)
  A manticore (D:13)
  A culicivora (Lair:2)
  A two-headed ogre simulacrum (IceCv)
  A polar bear simulacrum (IceCv)
  A white imp (IceCv)
9 creatures vanquished.

Vanquished Creatures (others)
  A bombardier beetle (D:6)
1 creature vanquished.

Grand Total: 486 creatures vanquished

Notes
Turn   | Place    | Note
-------+----------+-------------------------------------------
     0 | D:1      | CrazyBamboolord the Coglin Berserker began the quest for
                  | the Orb.
     0 | D:1      | Reached XP level 1. HP: 18/18 MP: 1/1
    76 | D:1      | Reached XP level 2. HP: 16/24 MP: 2/2
   317 | D:1      | Reached XP level 3. HP: 21/29 MP: 3/3
   586 | D:2      | Reached ** piety under Trog
   937 | D:2      | Reached XP level 4. HP: 23/35 MP: 4/4
  1214 | D:3      | Noticed Terence
  1221 | D:3      | Killed Terence
  1637 | D:3      | Reached XP level 5. HP: 39/42 MP: 5/5
  1804 | D:3      | Noticed Jessica
  1812 | D:3      | Killed Jessica
  1898 | D:3      | Noticed Robin
  1911 | D:3      | Killed Robin
  2288 | D:4      | Reached XP level 6. HP: 48/48 MP: 6/6
  2298 | D:4      | Identified the +3 short sword of the Neverending Friars
                  | {protect, rF+ Will+}
  2361 | D:4      | Reached *** piety under Trog
  2620 | D:4      | Reached XP level 7. HP: 55/55 MP: 7/7
  2701 | D:4      | Reached skill level 5 in Fighting
  3024 | D:4      | Reached skill level 5 in Axes
  3384 | D:5      | Entered Level 5 of the Dungeon
  3396 | D:5      | Reached XP level 8. HP: 44/63 MP: 8/8
  3669 | D:5      | Found Karriqe's General Store.
  3677 | D:5      | Bought a scroll of teleportation for 42 gold pieces
  3677 | D:5      | Bought a throwing net for 42 gold pieces
  3677 | D:5      | Bought a potion of attraction for 42 gold pieces
  3876 | D:5      | Reached **** piety under Trog
  3899 | D:5      | Found a basalt altar of Yredelemnul.
  3991 | D:5      | Found a sacrificial altar of Ru.
  3991 | D:5      | Noticed Pikel
  4026 | D:5      | Killed Pikel
  4027 | D:5      | Reached skill level 5 in Armour
  4363 | D:5      | Found a staircase to the Ecumenical Temple.
  4596 | D:5      | Reached XP level 9. HP: 63/71 MP: 9/9
  5393 | D:6      | Identified the ring "Jakk" {Fly rN+ Int-3 Slay+4 Stlth+}
  5884 | D:7      | Reached skill level 5 in Dodging
  6159 | D:7      | Reached XP level 10. HP: 63/80 MP: 10/10
  6176 | D:7      | Noticed Joseph
  6189 | D:7      | Killed Joseph
  6512 | D:7      | Found a white marble altar of Elyvilon.
  6513 | D:7      | Found a snail-covered altar of Cheibriados.
  6516 | D:7      | Found a broken altar of Ashenzari.
  6591 | D:7      | Identified the +3 scale mail "Luhiz" {rC+ rCorr Int+3}
  7246 | D:8      | Noticed Maggie
  7256 | D:8      | Killed Maggie
  7303 | D:8      | Noticed Maurice
  7316 | D:8      | Maurice stole the +3 short sword of the Neverending Friars
                  | {protect, rF+ Will+}
  7320 | D:8      | Killed Maurice
  7521 | D:8      | Found a shimmering blue altar of Sif Muna.
  7525 | D:8      | Reached ***** piety under Trog
  7662 | D:8      | Found a burning altar of Makhleb.
  8176 | D:9      | Found a staircase to the Orcish Mines.
  8179 | D:9      | Paralysed by a hornet for 2 turns
  8329 | D:9      | Reached XP level 11. HP: 66/89 MP: 11/11
  8440 | D:9      | Noticed a two-headed ogre
  8446 | D:9      | Killed a two-headed ogre
  8491 | D:9      | Found a sparkling altar of Nemelex Xobeh.
  8732 | D:10     | Entered Level 10 of the Dungeon
  8738 | D:10     | Identified a scroll of acquirement
  8738 | D:10     | Acquired a +4 broad axe of freezing
  8769 | D:10     | Found Logir's Weapon Shoppe.
  8777 | D:10     | Bought a +0 war axe of flaming for 124 gold pieces
  8832 | D:10     | Found a flagged portal.
  8841 | Bailey   | Entered a bailey
  9373 | D:10     | Reached skill level 10 in Fighting
  9378 | D:10     | Noticed a two-headed ogre
  9383 | D:10     | Killed a two-headed ogre
  9777 | D:10     | Found a glowing silver altar of Zin.
 10230 | D:11     | Reached skill level 10 in Axes
 10277 | D:11     | Noticed a centaur warrior
 10288 | D:11     | Killed a centaur warrior
 10289 | D:11     | Found a staircase to the Lair.
 10630 | D:11     | Found a frozen archway.
 10776 | IceCv    | Entered an ice cave
 10869 | IceCv    | Reached XP level 12. HP: 72/99 MP: 12/12
 11059 | IceCv    | Reached ****** piety under Trog
 11944 | IceCv    | Noticed a reaper
 11961 | IceCv    | Killed a reaper
 11970 | IceCv    | HP: 3/100 [dire elephant simulacrum (16)]
 11973 | IceCv    | Reached skill level 10 in Armour
 12930 | D:12     | Noticed a boulder beetle
 12945 | D:12     | Killed a boulder beetle
 13230 | D:12     | Noticed a two-headed ogre
 13240 | D:12     | Killed a two-headed ogre
 13828 | D:13     | Received a gift from Trog
 14051 | D:13     | Gained mutation: Your flesh is cold resistant. (rC+)
                  | [Coglin growth]
 14051 | D:13     | Gained mutation: Your flesh is heat resistant. (rF+)
                  | [Coglin growth]
 14051 | D:13     | Reached XP level 13. HP: 108/108 MP: 13/13
 14662 | D:13     | You fall into a shaft and drop 2 floors!
 14662 | D:15     | Entered Level 15 of the Dungeon
 14717 | D:14     | Noticed an ettin
 14722 | D:14     | Killed an ettin
 15050 | D:13     | Noticed a vault guard
 15188 | Lair:1   | Entered Level 1 of the Lair of Beasts
 16107 | Lair:2   | Found a hole to the Spider Nest.
 16339 | Lair:2   | Reached XP level 14. HP: 118/118 MP: 14/14
 16616 | Lair:2   | Noticed Gastronok
 16626 | Lair:2   | Killed Gastronok
 17044 | Lair:3   | Found a bloodstained altar of Trog.
 17055 | Lair:3   | Identified the +10 quarterstaff of Onoledde {antimagic,
                  | Str+2 SInv}
 17138 | Lair:3   | Noticed Sonja
 17172 | Lair:3   | Slain by Sonja

Illustrated notes

Levels and vault maps discovered:
D:1:      heliophobic_arrival_enchanted_forest, layout_basic,
          chequers_serial_rivers_micro_e
D:2:      layout_rooms
D:3:      layout_basic, grunt_ministairs_5, dk_noncrumbling_2, uniq_jessica,
          uniq_robin, uniq_terence
D:4:      minmay_bubble_buster, layout_basic
D:5:      layout_loops_ring, mainiacjoe_overflow_paths, lemuel_tele_altar,
          minmay_temple_entry_proselytizer, nicolae_stop_n_shop_1,
          abandoned_shop, hangedman_minor_gate_pass, uniq_pikel
D:6:      layout_basic
D:7:      layout_basic, minitemple, grunt_ogre_cave, uniq_joseph
D:8:      layout_gridville, mainiacjoe_overflow_catwalk,
          kennysheep_orc_sif_temple, uniq_maggie, uniq_maurice
D:9:      layout_long_grid, lemuel_doored_altar, orc_0_dummy,
          minmay_crystal_water
D:10:     layout_basic, zin_statuary, enter_bailey_8, serial_shops, shop
D:11:     layout_basic, hellmonk_lair_entry_icy, portal_ice_cave_rime,
          kennysheep_just_a_vault
D:12:     layout_long_grid
D:13:     layout_basic, grunt_vaults_entry_fortified
D:14:     layout_loops_ring, okawaru_trees_2, kennysheep_island_fort
D:15:     hangedman_depths_entry_try_elsewhere_first, layout_rooms,
          elyvilon_altar_3, minmay_checkered_concentric_circles
Lair:1:   layout_loops_ring
Lair:2:   layout_loops_ring, spider_nest_entry_rubble, serial_bayou_lake_a,
          grunt_megastairs_4, lemuel_fruit_fields, infiniplex_staircase_pool_2,
          uniq_gastronok
Lair:3:   layout_chaotic_city, nicolae_swamp_entry_splash_gauntlet, basic_altar,
          grunt_megastairs_5, lemuel_fruit_tree, infiniplex_staircase_pool,
          uniq_sonja

Skill      XL: |  1  2  3  4  5  6  7  8  9 10 11 12 13 14 |
---------------+-------------------------------------------+-----
Armour         | 2 3 4 5 6 8 9 10 11 12 | 12.2
Dodging        | 2 3 4 5 6 7 8 9 |  9.1
Fighting       | 4 5 6 8 9 10 12 13 | 13.6
Axes           | 4 5 6 7 9 10 11 13 | 13.4

Action                     |  1- 3 |  4- 6 |  7- 9 | 10-12 | 13-15 || total
---------------------------+-------+-------+-------+-------+-------++-------
  Melee: Hand axe          |    77 |    28 |       |       |       ||   105
         Short sword       |    51 |    30 |       |       |       ||    81
         Battleaxe         |       |    68 |       |       |       ||    68
         War axe           |       |    30 |   486 |   568 |   217 ||  1301
         Broad axe         |       |       |       |   259 |   217 ||   476
  Throw: Throwing net      |       |       |       |       |     2 ||     2
 Invoke: Berserk           |       |       |     2 |    12 |     3 ||    17
         Brothers in Arms  |       |       |       |     1 |     3 ||     4
  Evoke: Wand              |       |       |       |     1 |       ||     1
    Use: Scroll            |       |       |     4 |     9 |     6 ||    19
         Potion            |       |       |     1 |     1 |     2 ||     4
   Stab: Sleeping          |     1 |       |       |       |       ||     1
 Armour: Animal skin       |    29 |       |       |       |       ||    29
         Ring mail         |    12 |     3 |       |       |       ||    15
         Chain mail        |       |    93 |   204 |    19 |       ||   316
         Scale mail        |       |    13 |       |   437 |   259 ||   709
  Dodge: Dodged            |    52 |    66 |   126 |   299 |   138 ||   681
         Repelled          |     1 |     1 |     1 |     3 |     5 ||    11
  Block: Other             |       |       |    23 |    73 |     3 ||    99
         Reflection        |       |       |     2 |    16 |     1 ||    19

Table legend: (Time is in decaauts)
 A = Elapsed time spent in this place.
 B = Non-inter-level travel time spent in this place.
 C = Inter-level travel time spent in this place.
 D = Time resting spent in this place.
 E = Time spent auto-exploring this place.
 F = Levels seen in this place.
 G = Mean time per level.
                   A        B        C        D        E       F      G
               +--------+--------+--------+--------+--------+-----+--------+
         Total |  17491 |  16860 |    631 |   2463 |  10573 |  20 |  874.5 |
       Dungeon |  13303 |  12719 |    584 |   1243 |   9082 |  15 |  886.9 |
          Lair |   2010 |   1963 |     47 |     72 |   1485 |   3 |  670.0 |
        Bailey |    462 |    462 |      0 |      0 |      6 |   1 |  462.0 |
      Ice Cave |   1715 |   1715 |      0 |   1148 |      0 |   1 | 1715.0 |
               +--------+--------+--------+--------+--------+-----+--------+

Top non-repeatable levels by time:
   IceCv: 1715 daAuts
     D:4: 1299 daAuts
     D:7: 1299 daAuts
    D:13: 1297 daAuts
     D:6: 1174 daAuts
     D:5: 1155 daAuts
     D:3: 1140 daAuts
    D:11: 1025 daAuts
     D:8: 1015 daAuts
    D:10: 958 daAuts
    D:12: 927 daAuts
  Lair:2: 918 daAuts
  Lair:1: 809 daAuts
     D:9: 666 daAuts
     D:2: 597 daAuts
